 Dungeon Crawl Stone Soup version 0.32-a0-411-g744942f433 (webtiles) character file.

Game seed: 17263478501767398289

282 dialectric the Trooper (level 6, 0/48 HPs)
             Began as a Coglin Fighter on Feb 21, 2024.
             Was a Follower of Okawaru.
             Slain by a gnoll
             ... wielding a +0 halberd
              (10 damage)
             ... on level 4 of the Dungeon.
             The game lasted 00:03:30 (2723 turns).

dialectric the Trooper (Coglin Fighter)             Turns: 2723, Time: 00:03:31

Health: 0/48       AC:  9    Str: 18    XL:     6   Next: 28%
Magic:  6/6        EV: 10    Int:  7    God:    Okawaru [*.....]
Gold:   107        SH:  0    Dex: 14    Spells: 5/5 levels left

rFire   . . .        a - +0 trident {Malki}
rCold   . . .        (no shield)
rNeg    . . .        b - +0 scale mail
rPois   .            (no helmet)
rElec   .            (no cloak)
rCorr   .            f - +0 pair of gloves
SInv    .            i - +0 pair of boots
Will    .....        (no amulet) Stlth
                     (no ring)
HPRegen 0.28/turn    (no ring)
MPRegen 0.10/turn

%: no passive effects
@: mighty, immotile, revved
A: off-hand wielding, slow wielding, warmup strikes, legs shutdown
a: Renounce Religion, Heroism


You were on level 4 of the Dungeon.
You worshipped Okawaru.
Okawaru was aware of your devotion.
You visited 1 branch of the dungeon, and saw 4 of its levels.

You collected 167 gold pieces.
You spent 60 gold pieces at shops.

Inventory:

Hand Weapons
 a - a +0 trident (weapon) {Malki}
Missiles
 l - 6 poisoned darts (quivered)
Armour
 b - a +0 scale mail (worn)
 c - a +0 buckler
 f - a +0 pair of gloves (worn)
 i - a +0 pair of boots (worn)
Scrolls
 e - a scroll of noise {unknown}
 g - 2 scrolls of vulnerability {unknown}
 h - 2 scrolls of poison {unknown}
 k - 2 scrolls of identify {unknown}
Potions
 j - a potion of curing
 m - a potion of haste {unknown}


   Skills:
 + Level 4.3 Fighting
 + Level 3.3 Polearms
 + Level 3.8 Armour
 + Level 2.4 Dodging
 - Level 2.1 Shields


You had 5 spell levels left.
You didn't know any spells.
Your spell library contained the following spells:

 Spells                   Type           Power      Damage    Failure   Level
 Passage of Golubria      Tloc           0%         N/A       100%        4
 Silence                  Hex/Air        0%         N/A       100%        5
 Lehudib's Crystal Spear  Conj/Erth      0%         10d2      100%        8


Dungeon Overview and Level Annotations

Branches:
Dungeon (4/15)
 Temple: D:4-7

Altars:
Hepliaklqana
Makhleb
Okawaru

Shops:
D:1 (?!*?   D:3 !


Innate Abilities, Weirdness & Mutations

You can wield a second weapon in your off-hand.
It takes a long time for you to wield or remove held weapons.
Your first few attacks do less damage.
Attacking and casting redirects power from your legs.


Message History

The gnoll hits you but does no damage. The gnoll closely misses you.
You puncture the gnoll!
You kill the gnoll!
Okawaru accepts your kill.
The gnoll hits you from afar with a +0 halberd.
The gnoll barely misses you.
You cannot move.
Unknown command.
You are no longer unable to travel.
The gnoll hits you but does no damage. The gnoll hits you but does no damage.
The gnoll hits you from afar with a +0 halberd!
* * * LOW HITPOINT WARNING * * *
Things that are here:
a +0 spear; a gnoll corpse You puncture the gnoll!
You kill the gnoll!
Okawaru accepts your kill.
The gnoll hits you from afar with a +0 halberd.
* * * LOW HITPOINT WARNING * * *
Unknown command.
You impale the adder!!
You kill the adder!
Okawaru accepts your kill. The gnoll barely misses you.
You feel better.
You are no longer unable to travel.
The gnoll barely misses you. The kobold hits you but does no damage.
You miss the kobold.
The gnoll hits you from afar with a +0 halberd.
* * * LOW HITPOINT WARNING * * *
The kobold hits you but does no damage.
Reach: a) +0 trident {Malki}
Press: ? - help, Dir - move target, f - gnoll
Aim: a gnoll, wielding a +0 halberd (about 36% to evade your +0 trident)
The kobold is in the way.
You puncture the kobold!
You kill the kobold!
Okawaru accepts your kill.
The gnoll hits you from afar with a +0 halberd!
You die...

#####.##.≈.# ......##.≈.#
#...# ##....##[≈.# #...#
##.#####.≈.# #.(.# #
.....# #...# #...# .##
##.#.# #...# #(..##...#.
#.#.# #._.# #..........
#.#.###...#######g.#......
#.#...........)@g.........
#.#####.§.########........
#.# #.§.# ##....?.. ##.#
#.≈.# #...... ...# #.§.#
#...#. ##.# #...# #(##
#...# .# #.P.# #


You could see a gnoll and a hobgoblin.

Vanquished Creatures
  A sky beast (D:3)
  A sleepcap (D:4)
  3 gnolls (D:4)
  3 adders
  4 dart slugs
  An orc (D:3)
  7 endoplasms
  2 giant cockroaches
  2 goblins
  4 hobgoblins
  4 jackals (D:3)
  6 kobolds
  2 quokkas
  8 ball pythons
  2 bats
  3 frilled lizards
  8 rats
61 creatures vanquished.

Notes
Turn   | Place    | Note
-------+----------+-------------------------------------------
     0 | D:1      | dialectric the Coglin Fighter began the quest for the Orb.
     0 | D:1      | Reached XP level 1. HP: 18/18 MP: 1/1
    32 | D:1      | Found Yttoacoq's Weapon Shop.
    32 | D:1      | Noticed a +0 demon whip
    32 | D:1      | Noticed a +0 bardiche
    89 | D:1      | Found Myde Lyi's Magic Scroll Shoppe.
   114 | D:1      | Found Totzioja's Assorted Antiques.
   145 | D:1      | Found a faded altar of an unknown god.
   182 | D:1      | Prayed at the altar of an unknown god.
   182 | D:1      | Became a worshipper of Warmaster Okawaru
   182 | D:1      | Reached * piety under Okawaru
   249 | D:1      | Reached XP level 2. HP: 24/24 MP: 2/2
   266 | D:1      | Found Tampaupn's Distillery.
   326 | D:1      | Found Qehiegun's Magic Scroll Shop.
   526 | D:2      | Reached XP level 3. HP: 29/29 MP: 3/3
   553 | D:2      | Reached skill level 1 in Dodging
  1310 | D:1      | Bought 2 potions of curing for 60 gold pieces
  1525 | D:3      | Found Ytzul's Distillery.
  1549 | D:3      | Found a hazy altar of Hepliaklqana.
  1580 | D:3      | Reached XP level 4. HP: 31/35 MP: 4/4
  2038 | D:3      | Noticed a sky beast
  2059 | D:3      | Killed a sky beast
  2060 | D:3      | Reached skill level 4 in Fighting
  2060 | D:3      | Reached XP level 5. HP: 36/42 MP: 3/5
  2556 | D:4      | Reached XP level 6. HP: 29/48 MP: 6/6
  2633 | D:4      | Found a burning altar of Makhleb.
  2723 | D:4      | Slain by a gnoll

Illustrated notes

Levels and vault maps discovered:
D:1:      lemuel_arrival_broad_hall, layout_rooms, serial_shops,
          nicolae_diamond_shop, nicolae_square_shop, nicolae_shop_mannequins,
          nicolae_shop_overgrown_old_shop, shop,
          shapermc_ecumenical_altar_totnotflames, item_on_display_a
D:2:      layout_loops_corners
D:3:      layout_basic, nzn_hepliaklqana_mist_gate, serial_shops,
          nicolae_shop_pleasant_corner_grove
D:4:      layout_loops_ring, mainiacjoe_overflow_boulevard

Skill      XL: |  1  2  3  4 |
---------------+-------------+-----
Polearms       | 2 3 |  3.3
Armour         | 3 |  3.8
Dodging        | 1 2 |  2.4
Fighting       | 4 |  4.3
Shields        | |  2.1

Action                     |  1- 3 |  4- 6 || total
---------------------------+-------+-------++-------
  Melee: Trident           |    69 |   120 ||   189
 Invoke: Heroism           |       |     1 ||     1
    Use: Potion            |       |     2 ||     2
 Armour: Scale mail        |    34 |    86 ||   120
  Dodge: Dodged            |    20 |    55 ||    75

Table legend: (Time is in decaauts)
 A = Elapsed time spent in this place.
 B = Non-inter-level travel time spent in this place.
 C = Inter-level travel time spent in this place.
 D = Time resting spent in this place.
 E = Time spent auto-exploring this place.
 F = Levels seen in this place.
 G = Mean time per level.
                   A        B        C        D        E       F      G
               +--------+--------+--------+--------+--------+-----+--------+
         Total |   2755 |   2638 |    117 |      0 |   2088 |   4 |  688.8 |
       Dungeon |   2755 |   2638 |    117 |      0 |   2088 |   4 |  688.8 |
               +--------+--------+--------+--------+--------+-----+--------+

Top non-repeatable levels by time:
     D:3: 1052 daAuts
     D:2: 855 daAuts
     D:1: 497 daAuts
     D:4: 350 daAuts
